 Dungeon Crawl Stone Soup version 0.22.0 (webtiles) character file.

549 Blackhawk the Shield-Bearer (level 7, 0/60 HPs)
             Began as a Gnoll Fighter on Oct 21, 2018.
             Slain by a slave (7 damage)
             ... led by Pikel
             ... on level 4 of the Dungeon.
             The game lasted 00:06:26 (3517 turns).

Blackhawk the Shield-Bearer (Gnoll Fighter)         Turns: 3517, Time: 00:06:26

Health: 0/60       AC:  9    Str: 20    XL:     7   Next: 28%
Magic:  10/10      EV:  9    Int: 10    God:
Gold:   273        SH: 11    Dex: 15    Spells: 10/10 levels left

rFire    . . .     SeeInvis .   g - +0 rapier (venom)
rCold    . . .     Gourm    .   c - +0 shield
rNeg     . . .     Faith    .   b - +0 scale mail
rPois    .         Spirit   .   (no helmet)
rElec    .         Reflect  .   (no cloak)
rCorr    .         Harm     .   e - +0 pair of gloves
MR       .....                  (no boots)
Stlth    +.........             (no amulet)
HPRegen  0.20/turn              (no ring)
MPRegen  0.12/turn              (no ring)

@: no status effects
A: distributed training, fangs 1, strong nose
a: no special abilities


You were on level 4 of the Dungeon.
You were not hungry.

You visited 1 branch of the dungeon, and saw 4 of its levels.

You collected 273 gold pieces.

Inventory:

Hand Weapons
 a - a +0 war axe
 g - a +0 rapier of venom (weapon)
 m - a +0 hunting sling
Missiles
 k - 146 stones (quivered)
Armour
 b - a +0 scale mail (worn)
 c - a +0 shield (worn)
 e - a +0 pair of gloves (worn)
Jewellery
 q - an uncursed ring of protection from magic {unknown}
 z - an uncursed ring of resist corrosion {unknown}
Wands
 t - a wand of polymorph (5)
Scrolls
 h - 4 scrolls of identify {unknown}
 j - 5 scrolls of teleportation {unknown}
 o - 2 scrolls of enchant weapon {unknown}
 p - a scroll of blinking {unknown}
 r - 2 scrolls of amnesia {unknown}
 u - 2 scrolls of random uselessness {unknown}
 v - 2 scrolls of enchant armour {unknown}
 x - a scroll of remove curse {unknown}
 y - a scroll of fog {unknown}
Potions
 d - 3 potions of might
 i - a potion of invisibility
 l - a potion of brilliance
 n - a potion of ambrosia
 s - a potion of curing {unknown}
Comestibles
 f - 8 rations


   Skills:
 + Level 7.0 Fighting
 + Level 2.3 Short Blades
 + Level 2.3 Long Blades
 + Level 5.2 Axes
 + Level 2.3 Maces & Flails
 + Level 2.3 Polearms
 + Level 2.3 Staves
 + Level 2.3 Slings
 + Level 2.3 Bows
 + Level 2.3 Crossbows
 + Level 2.3 Throwing
 + Level 7.0 Armour
 + Level 2.3 Dodging
 + Level 2.3 Stealth
 + Level 7.0 Shields
 + Level 2.3 Unarmed Combat
 + Level 2.3 Spellcasting
 + Level 1.9 Conjurations
 + Level 1.9 Hexes
 + Level 1.9 Charms
 + Level 1.9 Summonings
 + Level 1.9 Necromancy
 + Level 1.9 Translocations
 + Level 1.9 Transmutations
 + Level 1.9 Fire Magic
 + Level 1.9 Ice Magic
 + Level 1.9 Air Magic
 + Level 1.9 Earth Magic
 + Level 1.9 Poison Magic
 + Level 2.6 Invocations
 + Level 2.3 Evocations


You had 10 spell levels left.
You didn't know any spells.
Your spell library was empty.

Dungeon Overview and Level Annotations

Branches:
Dungeon (4/15)
 Temple: D:4-7

Altars:
Kikubaaqudgha
Makhleb
Nemelex Xobeh
Sif Muna
Uskayaw
Wu Jian
The Shining One

Annotations:
D:4 Pikel


Innate Abilities, Weirdness & Mutations

Your experience applies equally to all skills.
You have very sharp teeth.
Your uncanny sense of smell can sniff out nearby items.


Message History

You block Pikel's attack. The slave hits you!
* * * LOW HITPOINT WARNING * * *
The slave hits you but does no damage. The slave hits you.
* * * LOW HITPOINT WARNING * * *
The slave hits you.
* * * LOW HITPOINT WARNING * * *
Pikel hits you but does no damage.
You closely miss Pikel.
Pikel is heavily wounded.
The slave barely misses you. The slave closely misses you.
You block the slave's attack. x2; Pikel hits you with a whip of freezing.
* * * LOW HITPOINT WARNING * * *
Pikel freezes you.
* * * LOW HITPOINT WARNING * * *
The slave closely misses you. The slave hits you.
* * * LOW HITPOINT WARNING * * *
You completely miss Pikel.
Pikel is heavily wounded.
The slave hits you but does no damage. The slave hits you!
You die...

....#.#
##.###.#
#..##.#
##.##.#
#######..#.#
.........#.#
.........#.#
......Kp.#.#
#...p@.#.#
#...pp...#
#........#
#....>..>#
#......###
########


You could see Pikel and 4 slaves.

Vanquished Creatures
  Eustachio (D:3)
  The ghost of Raine357 the Digger, an amateur HuWn (D:3)
  A hound (D:4)
  3 orc wizards (D:4)
  Jessica (D:2)
  An iguana (D:4)
  A worker ant (D:4)
  A howler monkey zombie (D:4)
  4 adders
  3 worms
  2 dart slugs
  2 leopard geckos
  6 orcs
  3 ball pythons
  3 giant cockroaches
  12 goblins
  4 hobgoblins
  4 jackals (D:3)
  3 quokkas
  7 bats
  5 frilled lizards
  A kobold (D:3)
  5 rats
74 creatures vanquished.

Notes
Turn   | Place    | Note
-------+----------+-------------------------------------------
     0 | D:1      | Blackhawk the Gnoll Fighter began the quest for the Orb.
     0 | D:1      | Reached XP level 1. HP: 23/23 MP: 1/1
   140 | D:1      | Reached XP level 2. HP: 29/29 MP: 2/2
   409 | D:1      | Reached XP level 3. HP: 35/35 MP: 3/3
  1157 | D:2      | Found a faded altar of an unknown god.
  1158 | D:2      | Noticed Jessica
  1177 | D:2      | Killed Jessica
  1177 | D:2      | Reached skill level 1 in Short Blades
  1177 | D:2      | Reached skill level 1 in Long Blades
  1177 | D:2      | Reached skill level 1 in Maces & Flails
  1177 | D:2      | Reached skill level 1 in Polearms
  1177 | D:2      | Reached skill level 1 in Staves
  1177 | D:2      | Reached skill level 1 in Slings
  1177 | D:2      | Reached skill level 1 in Bows
  1177 | D:2      | Reached skill level 1 in Crossbows
  1177 | D:2      | Reached skill level 1 in Throwing
  1177 | D:2      | Reached skill level 1 in Dodging
  1177 | D:2      | Reached skill level 1 in Stealth
  1177 | D:2      | Reached skill level 1 in Unarmed Combat
  1177 | D:2      | Reached skill level 1 in Spellcasting
  1177 | D:2      | Reached skill level 1 in Invocations
  1177 | D:2      | Reached skill level 1 in Evocations
  1177 | D:2      | Reached XP level 4. HP: 41/41 MP: 5/5
  1224 | D:2      | Found an ancient bone altar of Kikubaaqudgha.
  1495 | D:3      | Noticed Raine357's ghost (amateur HuWn)
  1496 | D:3      | Found a runed gate.
  1496 | D:3      | Found a runed gate.
  1496 | D:3      | Found a runed gate.
  1818 | D:3      | Found a hide-covered altar of Uskayaw.
  1942 | D:3      | Reached skill level 1 in Conjurations
  1942 | D:3      | Reached skill level 1 in Hexes
  1942 | D:3      | Reached skill level 1 in Charms
  1942 | D:3      | Reached skill level 1 in Summonings
  1942 | D:3      | Reached skill level 1 in Necromancy
  1942 | D:3      | Reached skill level 1 in Translocations
  1942 | D:3      | Reached skill level 1 in Transmutations
  1942 | D:3      | Reached skill level 1 in Fire Magic
  1942 | D:3      | Reached skill level 1 in Ice Magic
  1942 | D:3      | Reached skill level 1 in Air Magic
  1942 | D:3      | Reached skill level 1 in Earth Magic
  1942 | D:3      | Reached skill level 1 in Poison Magic
  2011 | D:3      | Found a glowing golden altar of the Shining One.
  2104 | D:3      | Killed Raine357's ghost
  2104 | D:3      | Reached XP level 5. HP: 24/47 MP: 5/7
  2289 | D:4      | Noticed Eustachio
  2594 | D:3      | Killed Eustachio
  2594 | D:3      | Reached skill level 5 in Axes
  2594 | D:3      | Reached XP level 6. HP: 8/53 MP: 7/9
  3033 | D:4      | Reached XP level 7. HP: 38/59 MP: 10/10
  3185 | D:4      | Found a deep blue altar of Sif Muna.
  3382 | D:4      | Found an ornate altar of the Wu Jian Council.
  3410 | D:4      | Found a sparkling altar of Nemelex Xobeh.
  3446 | D:4      | Found a burning altar of Makhleb.
  3507 | D:4      | Noticed Pikel
  3517 | D:4      | Slain by a slave

Skill      XL: |  1  2  3  4  5  6  7 |
---------------+----------------------+-----
Short Blades   | 1 2 |  2.3
Long Blades    | 1 2 |  2.3
Maces & Flails | 1 2 |  2.3
Polearms       | 1 2 |  2.3
Staves         | 1 2 |  2.3
Slings         | 1 2 |  2.3
Bows           | 1 2 |  2.3
Crossbows      | 1 2 |  2.3
Throwing       | 1 2 |  2.3
Dodging        | 1 2 |  2.3
Stealth        | 1 2 |  2.3
Unarmed Combat | 1 2 |  2.3
Spellcasting   | 1 2 |  2.3
Invocations    | 1 2 |  2.6
Evocations     | 1 2 |  2.3
Conjurations   | 1 |  1.9
Hexes          | 1 |  1.9
Charms         | 1 |  1.9
Summonings     | 1 |  1.9
Necromancy     | 1 |  1.9
Translocations | 1 |  1.9
Transmutations | 1 |  1.9
Fire Magic     | 1 |  1.9
Ice Magic      | 1 |  1.9
Air Magic      | 1 |  1.9
Earth Magic    | 1 |  1.9
Poison Magic   | 1 |  1.9
Axes           | 5 |  5.2
Fighting       | 7 |  7.0
Armour         | 7 |  7.0
Shields        | 7 |  7.0

Action                   |  1- 3 |  4- 6 |  7- 9 || total
-------------------------+-------+-------+-------++-------
Melee: War axe           |    74 |   109 |       ||   183
       Unarmed           |     4 |       |       ||     4
       Bite              |     1 |    11 |    10 ||    22
       Rapier            |       |    25 |    47 ||    72
  Use: Potion            |       |     3 |       ||     3
  Eat: Chunk             |     1 |     4 |       ||     5
       Ration            |       |     1 |       ||     1
Armor: Scale mail        |    52 |    62 |    28 ||   142
       Skin              |     1 |       |       ||     1
Dodge: Dodged            |    25 |    59 |    28 ||   112
Block: Shield            |    58 |    85 |    43 ||   186
